 Dungeon Crawl Stone Soup version 0.30.0-3-ga4e48a9924 (webtiles) character file.

Game seed: 10837439699479635574

314 PoweredByGinger the Shield-Bearer (level 6, -1/51 HPs)
             Began as a Minotaur Fighter on May 7, 2023.
             Slain by a sky beast (3 damage)
             ... on level 3 of the Dungeon.
             The game lasted 00:02:25 (2452 turns).

PoweredByGinger the Shield-Bearer (MiFi)            Turns: 2452, Time: 00:02:26

Health: -1/51      AC:  6    Str: 23    XL:     6   Next: 19%
Magic:  5/5        EV:  9    Int:  5    God:
Gold:   136        SH:  5    Dex:  9    Spells: 5/5 levels left

rFire   . . .        a - +0 war axe
rCold   . . .        c - +0 buckler
rNeg    . . .        b - +0 scale mail
rPois   .            (helmet restricted)
rElec   .            (no cloak)
rCorr   .            (no gloves)
SInv    .            (no boots)
Will    .....        (no amulet) Stlth
                     (no ring)
HPRegen 0.28/turn    (no ring)
MPRegen 0.09/turn

%: no passive effects
@: no status effects
A: horns 2, retaliatory headbutt
a: no special abilities


You were on level 3 of the Dungeon.
You visited 1 branch of the dungeon, and saw 3 of its levels.

You collected 136 gold pieces.

Inventory:

Hand Weapons
 a - a +0 war axe (weapon)
Armour
 b - a +0 scale mail (worn)
 c - a +0 buckler (worn)
Jewellery
 r - a ring of willpower
Scrolls
 e - a scroll of fog {unknown}
 h - a scroll of blinking {unknown}
 m - 2 scrolls of identify {unknown}
 o - a scroll of poison {unknown}
 s - a scroll of enchant weapon {unknown}
 t - a scroll of torment {unknown}
 u - 2 scrolls of teleportation {unknown}
 v - a scroll of noise {unknown}
 w - a scroll of silence {unknown}
Potions
 d - 2 potions of might
 f - 3 potions of berserk rage {unknown}
 g - a potion of flight {unknown}
 i - a potion of invisibility {unknown}
 j - 4 potions of degeneration {unknown}
 k - a potion of cancellation {unknown}
 l - a potion of curing
 n - a potion of brilliance {unknown}
 p - a potion of ambrosia {unknown}
 q - 2 potions of mutation {unknown}


   Skills:
 - Level 3.6 Fighting
 + Level 5.8 Axes
 - Level 3.6 Armour
 + Level 6.5 Shields


You had 5 spell levels left.
You didn't know any spells.
Your spell library contained the following spells:

 Spells                   Type           Power      Damage    Failure   Level
 Foxfire                  Conj/Fire      0%         2x1d4     83%         1
 Necrotise                Necr           0%         1d4       83%         1
 Ensorcelled Hibernation  Hex/Ice        0%         N/A       93%         2
 Static Discharge         Conj/Air       0%         2-2/arc   93%         2
 Spider Form              Tmut/Pois      0%         N/A       99%         3
 Vampiric Draining        Necr           0%         2d6       99%         3
 Airstrike                Air            0%         2d(0-16)  100%        4
 Anguish                  Hex/Necr       0%         N/A       100%        4
 Summon Lightning Spire   Summ/Air       0%         N/A       100%        4
 Agony                    Necr           0%         N/A       100%        5
 Fireball                 Conj/Fire      0%         3d3       100%        5
 Plasma Beam              Fire/Air       0%         2x1d11    100%        6
 Starburst                Conj/Fire      0%         6d3       100%        6


Dungeon Overview and Level Annotations

Branches:
Dungeon (3/15)

Altars:
Qazlal

Shops:
D:1 =


Innate Abilities, Weirdness & Mutations

You have a pair of horns on your head.
You reflexively headbutt those who attack you in melee.


Message History

You hit the sky beast but do no damage.
The sky beast is lightly wounded.
The sky beast hits you but does no damage.
You miss the sky beast.
The sky beast is lightly wounded.
The sky beast hits you. The sky beast shocks you.
You miss the sky beast.
The sky beast is lightly wounded.
The sky beast barely misses you.
You closely miss the sky beast. You headbutt the sky beast.
The sky beast is moderately wounded.
The sky beast flickers out of sight!
Deactivating autopickup; reactivate with Ctrl-A.
Something hits you but does no damage.
No target in view!
No target in view!
You closely miss something. Something hits you but does no damage.
Something hits you. Something shocks you.
You closely miss something. Your headbutt misses something.
Something hits you but does no damage.
You miss something. Something hits you but does no damage.
You hit something. Something hits you. Something shocks you.
You miss something. Something hits you. Something shocks you.
Something hits you.
* * * LOW HITPOINT WARNING * * *
Something shocks you.
* * * LOW HITPOINT WARNING * * *
You barely miss something. Something hits you but does no damage.
You miss something. Your headbutt misses something. Something hits you.
* * * LOW HITPOINT WARNING * * *
Something shocks you.
* * * LOW HITPOINT WARNING * * *
It was a potion of curing.
You feel better. Something hits you but does no damage.
You barely miss something. Your headbutt misses something. Something hits you.
* * * LOW HITPOINT WARNING * * *
Something shocks you.
* * * LOW HITPOINT WARNING * * *
You barely miss something. Your headbutt misses something. Something hits you.
You die...

#.......##### #
.............##### #
...#.#...###.....# #
..#...#..# #....<# #
.#.....#.# #.....# ##
...._....# #.....######.
.#.....#.# ###.......##.
.#...#..# ####.###.....
..#.#{@.###............ #.
!........#...##.#####...
##.#######.#...####.### ##[.
#(...........###......####..
#..........####.............
#................########.#.
#..........####.## #.#.
#.........# #...# #...
#.<.......# #.### ##..


There were no monsters in sight!

Vanquished Creatures
  Grinder (D:3)
  Terence (D:3)
  3 gnolls
  2 worms (D:2)
  A ball python (D:1)
  6 bats
  7 endoplasms
  2 giant cockroaches (D:1)
  14 goblins
  4 hobgoblins
  5 quokkas
  2 frilled lizards (D:1)
  8 kobolds
  6 rats
62 creatures vanquished.

Notes
Turn   | Place    | Note
-------+----------+-------------------------------------------
     0 | D:1      | PoweredByGinger the Minotaur Fighter began the quest for
                  | the Orb.
     0 | D:1      | Reached XP level 1. HP: 19/19 MP: 0/0
   247 | D:1      | Found Huklekk's Jewellery Shoppe.
   265 | D:1      | Reached skill level 4 in Shields
   276 | D:1      | Reached XP level 2. HP: 25/26 MP: 1/1
   415 | D:1      | Found a faded altar of an unknown god.
  1082 | D:2      | Reached XP level 3. HP: 31/31 MP: 2/2
  1673 | D:2      | Reached skill level 5 in Shields
  1673 | D:2      | Reached XP level 4. HP: 32/39 MP: 3/3
  1979 | D:3      | Noticed Terence
  1986 | D:3      | Killed Terence
  2138 | D:3      | Noticed Grinder
  2213 | D:3      | Paralysed by Grinder for 4 turns
  2218 | D:3      | Killed Grinder
  2219 | D:3      | Reached skill level 5 in Axes
  2219 | D:3      | Reached skill level 6 in Shields
  2219 | D:3      | Reached XP level 5. HP: 34/45 MP: 4/4
  2219 | D:3      | Reached XP level 6. HP: 38/51 MP: 5/5
  2433 | D:3      | Found a stormy altar of Qazlal.
  2433 | D:3      | Noticed a sky beast
  2449 | D:3      | HP: 1/51 [something (5)]
  2452 | D:3      | Slain by a sky beast

Illustrated notes

Levels and vault maps discovered:
D:1:      kilobyte_arrival_exit_the_forest, layout_loops_corners, serial_shops,
          nicolae_shop_rolling_square, shapermc_ecumenical_altar_pompeii
D:2:      layout_basic
D:3:      layout_rooms, nicolae_qazlal_beasts_of_the_sky, minmay_pentomino_pile,
          uniq_grinder, uniq_terence

Skill      XL: |  1  2  3  4 |
---------------+-------------+-----
Shields        | 4 5 6 |  6.5
Axes           | 3 4 5 |  5.8
Fighting       | |  3.6
Armour         | |  3.6

Action                     |  1- 3 |  4- 6 || total
---------------------------+-------+-------++-------
  Melee: War axe           |    88 |    49 ||   137
         Headbutt          |     8 |     5 ||    13
    Use: Potion            |       |     2 ||     2
 Armour: Scale mail        |    39 |    22 ||    61
  Dodge: Dodged            |    34 |    14 ||    48
  Block: Buckler           |    15 |     6 ||    21
